 Dungeon Crawl Stone Soup version 0.30-a0-1008-g30c9307041 (webtiles) character file.

Game seed: 14080597689618016214

304 GigaChad the Shield-Bearer (level 6, -4/46 (48) HPs)
             Began as a Formicid Fighter on Apr 5, 2023.
             Slain by Ijyb
             ... wielding a +0 club
              (5 damage)
             ... on level 3 of the Dungeon.
             The game lasted 00:04:01 (1965 turns).

GigaChad the Shield-Bearer (Formicid Fighter)       Turns: 1965, Time: 00:04:02

HP:   -4/46 (48)    AC:  0    Str: 23    XL:     6   Next: 66%
MP:   6/6           EV: 18    Int:  7    God:
Gold: 1031          SH:  0    Dex: 18    Spells: 5/5 levels left

rFire   . . .      SeeInvis .    a - melded +0 war axe
rCold   . . .      Faith    .    c - melded +0 buckler
rNeg    . . .      Spirit   .    n - melded +0 chain mail
rPois   .          Reflect  .    (helmet unavailable)
rElec   .          Rampage  .    (cloak currently unavailable)
rCorr   .                        (gloves currently unavailable)
Will    .....                    (boots currently unavailable)
Stlth   ++                       (no amulet)
HPRegen 0.27/turn                g - melded +4 ring of protection
MPRegen 0.10/turn                o - melded ring of Torghis {rPois Str+6}

@: bat-form, flying, lightly drained, very quick
A: fast, flying, no casting, permanent stasis, dig shafts and tunnels, tiny,
(antennae 3), four strong arms
a: no special abilities


You were on level 3 of the Dungeon.
You were a bat.
You visited 1 branch of the dungeon, and saw 3 of its levels.

You collected 1031 gold pieces.

Inventory:

Hand Weapons
 a - a +0 war axe (melded)
Armour
 b - a +0 scale mail
 c - a +0 buckler (melded)
 n - a +0 chain mail (melded)
Jewellery
 g - a +4 ring of protection (melded)
 o - the ring of Torghis (melded) {rPois Str+6}
   (You acquired it on level 2 of the Dungeon)

   [ring of strength]

   Str:       It affects your strength (+6).
   rPois:     It protects you from poison.
 t - a +6 ring of strength
Scrolls
 e - a scroll of teleportation {unknown}
 f - a scroll of fog {unknown}
 h - 2 scrolls of poison {unknown}
 l - 3 scrolls of immolation
 m - a scroll of brand weapon {unknown}
 q - 2 scrolls of identify
 r - a scroll of vulnerability {unknown}
Potions
 d - 2 potions of might
 i - 2 potions of flight {unknown}
 j - 2 potions of curing {unknown}
 k - a potion of brilliance {unknown}
 p - a potion of attraction {unknown}
 s - a potion of ambrosia {unknown}
 u - a potion of heal wounds {unknown}


   Skills:
 * Level 4.0 Fighting
 + Level 4.5 Axes
 * Level 4.5 Armour
 + Level 0.6 Dodging
 * Level 5.3 Shields


You had 5 spell levels left.
You didn't know any spells.
Your spell library contained the following spells:

 Spells                   Type           Power      Damage    Failure   Level
 Lesser Beckoning         Tloc           0%         N/A       56%         2
 Gell's Gravitas          Tloc           0%         N/A       80%         3
 Teleport Other           Tloc           0%         N/A       80%         3


Dungeon Overview and Level Annotations

Branches:
Dungeon (3/15)

Altars:

Annotations:
D:3 Ijyb


Innate Abilities, Weirdness & Mutations

You are a bat.
You are tiny and dextrous.
You move quickly.
You are flying.
Your equipment is almost entirely melded.
You are incapable of wielding weapons or throwing items.
You cannot cast spells.
You cannot be hasted, slowed, berserked, paralysed or teleported.
You can dig through walls and to a lower floor.
((You have a pair of large antennae on your head. (SInv)))
Your four strong arms can wield two-handed weapons with a shield.


Message History

Ijyb misses you.
You hit Ijyb but do no damage.
Ijyb is moderately wounded.
You hit Ijyb but do no damage.
Ijyb is moderately wounded.
Ijyb hits you with a +0 club!
You barely miss Ijyb.
Ijyb is moderately wounded.
Ijyb hits you with a +0 club.
* * * LOW HITPOINT WARNING * * *
You hit Ijyb.
Ijyb is moderately wounded.
Ijyb barely misses you.
You hit Ijyb but do no damage.
Ijyb is moderately wounded.
Ijyb hits you with a +0 club.
* * * LOW HITPOINT WARNING * * *
You barely miss Ijyb.
Ijyb is moderately wounded.
Ijyb barely misses you.
You hit Ijyb.
Ijyb is moderately wounded.
Ijyb barely misses you.
You hit Ijyb.
Ijyb is heavily wounded.
Ijyb hits you with a +0 club.
* * * LOW HITPOINT WARNING * * *
You barely miss Ijyb.
Ijyb is heavily wounded.
Ijyb completely misses you.
You hit Ijyb but do no damage.
Ijyb is heavily wounded.
Ijyb hits you with a +0 club.
* * * LOW HITPOINT WARNING * * *
You hit Ijyb but do no damage.
Ijyb is heavily wounded.
You hit Ijyb but do no damage.
Ijyb is heavily wounded.
Ijyb hits you with a +0 club.
You die...

.........# #....#
....†....# #.......
#....# .........#
#...... #....#
.........# #..... #....#
.........# ##.... #....#
########## ...$ #....#
########.#+# #....#
.8.8.8)8†..## #....#
......gb....## #####.
!.....))).#..## ###.
..........##..#######...
).........###.##........
..........###....####.##
.8.8.8.8..#..>#### #...
#############.##########
#...........
############


You could see Ijyb.

Vanquished Creatures
  Sigmund (D:2)
  A hound (D:3)
  3 adders (D:2)
  2 worms (D:2)
  3 dart slugs
  4 orcs (D:3)
  4 endoplasms
  2 giant cockroaches
  4 hobgoblins (D:2)
  8 jackals
  6 quokkas
  9 ball pythons
  2 bats (D:2)
  4 frilled lizards
  9 goblins
  4 kobolds
  8 rats
74 creatures vanquished.

Notes
Turn   | Place    | Note
-------+----------+-------------------------------------------
     0 | D:1      | GigaChad the Formicid Fighter began the quest for the Orb.
     0 | D:1      | Reached XP level 1. HP: 18/18 MP: 1/1
   151 | D:1      | Reached XP level 2. HP: 20/24 MP: 2/2
   446 | D:1      | Identified a scroll of acquirement
   447 | D:1      | Acquired 928 gold pieces
   564 | D:1      | Reached XP level 3. HP: 29/29 MP: 3/3
  1097 | D:2      | Reached XP level 4. HP: 30/35 MP: 4/4
  1166 | D:2      | Acquired the ring of Torghis {rPois Str+6}
  1406 | D:2      | Noticed Sigmund
  1417 | D:2      | Killed Sigmund
  1418 | D:2      | Reached skill level 5 in Shields
  1418 | D:2      | Reached XP level 5. HP: 42/42 MP: 5/5
  1418 | D:2      | Reached XP level 6. HP: 48/48 MP: 6/6
  1922 | D:3      | Noticed Ijyb
  1963 | D:3      | HP: 1/46 [Ijyb/+0 club (6)]
  1965 | D:3      | Slain by Ijyb

Illustrated notes

Levels and vault maps discovered:
D:1:      lemuel_arrival_rhombus, layout_basic
D:2:      layout_loops_ring, uniq_sigmund
D:3:      kennysheep_the_goblin_king, layout_basic,
          dreamdust_ecumenical_altar_angels_and_demons, corner_web_ring

Skill      XL: |  1  2  3  4  5  6 |
---------------+-------------------+-----
Axes           | 3 4 |  4.5
Armour         | 4 |  4.5
Shields        | 5 |  5.3
Fighting       | 4 |  4.0
Dodging        | |  0.6

Action                     |  1- 3 |  4- 6 || total
---------------------------+-------+-------++-------
  Melee: War axe           |   107 |    68 ||   175
         Unarmed           |       |    33 ||    33
Ability: Dig               |     1 |       ||     1
    Use: Scroll            |     2 |     2 ||     4
 Armour: Scale mail        |    39 |       ||    39
         Chain mail        |    17 |    60 ||    77
         Skin              |       |    27 ||    27
  Dodge: Dodged            |    51 |   132 ||   183
  Block: Buckler           |    33 |    25 ||    58

Table legend: (Time is in decaauts)
 A = Elapsed time spent in this place.
 B = Non-inter-level travel time spent in this place.
 C = Inter-level travel time spent in this place.
 D = Time resting spent in this place.
 E = Time spent auto-exploring this place.
 F = Levels seen in this place.
 G = Mean time per level.
                   A        B        C        D        E       F      G
               +--------+--------+--------+--------+--------+-----+--------+
         Total |   2027 |   1954 |     73 |      0 |   1440 |   3 |  675.7 |
       Dungeon |   2027 |   1954 |     73 |      0 |   1440 |   3 |  675.7 |
               +--------+--------+--------+--------+--------+-----+--------+

Top non-repeatable levels by time:
     D:1: 851 daAuts
     D:2: 774 daAuts
     D:3: 400 daAuts
